 Dungeon Crawl Stone Soup version 0.27-a0-1281-ge233d83751 (webtiles) character file.

Game seed: 7909044794701686120

483 mandarbmax the Spear-Bearer (level 7, 0/50 HPs)
             Began as a Merfolk Gladiator on June 14, 2021.
             Slain by Grinder (6 damage)
             ... while paralysed by Grinder
             ... on level 4 of the Dungeon.
             The game lasted 00:05:13 (3648 turns).

mandarbmax the Spear-Bearer (Merfolk Gladiator)     Turns: 3648, Time: 00:05:14

Health: 0/50       AC:  8    Str: 15    XL:     7   Next: 12%
Magic:  7/7        EV:  2    Int:  7    God:
Gold:   89         SH:  0    Dex: 17    Spells: 6/6 levels left

rFire    . . .     SeeInvis .   a - +0 trident
rCold    . . .     Faith    .   (no shield)
rNeg     . . .     Spirit   .   b - +0 leather armour
rPois    .         Reflect  .   c - +0 helmet
rElec    .         Harm     .   (no cloak)
rCorr    .         Rampage  .   (no gloves)
Will     .....                  (no boots)
Stlth    +.........             (no amulet)
HPRegen  0.16/turn              k - +4 ring of protection
MPRegen  0.10/turn              (no ring)

@: paralysed, very slightly contaminated, invisible
A: (nimble swimmer 2), mertail
a: no special abilities


You were on level 4 of the Dungeon.
You visited 1 branch of the dungeon, and saw 4 of its levels.

You collected 89 gold pieces.

Inventory:

Hand Weapons
 a - a +0 trident (weapon)
Missiles
 d - 3 throwing nets (quivered)
Armour
 b - a +0 leather armour (worn)
 c - a +0 helmet (worn)
 r - a +0 chain mail
Jewellery
 k - a +4 ring of protection (left hand)
Scrolls
 e - a scroll of magic mapping
 f - a scroll of teleportation {unknown}
 h - a scroll of blinking {unknown}
 i - 2 scrolls of identify
 l - a scroll of amnesia
 o - 2 scrolls of enchant weapon
 s - a scroll of enchant armour {unknown}
 t - a scroll of holy word {unknown}
Potions
 g - a potion of brilliance
 j - a potion of invisibility
 m - a potion of berserk rage {unknown}
 n - a potion of experience {unknown}
 p - 2 potions of heal wounds {unknown}


   Skills:
 - Level 2.1 Fighting
 + Level 8.6 Polearms
 - Level 2.0 Throwing
 + Level 7.8 Dodging


You had 6 spell levels left.
You didn't know any spells.
Your spell library contained the following spells:

 Spells                   Type           Power      Damage    Failure   Level
 Sting                    Tmut/Pois      0%         1d3       50%         1
 Poisonous Vapours        Pois/Air       0%         N/A       65%         2
 Ignite Poison            Fire/Tmut/Pois 0%         N/A       86%         3
 Mephitic Cloud           Conj/Pois/Air  0%         N/A       86%         3
 Olgreb's Toxic Radiance  Pois           0%         N/A       99%         4


Dungeon Overview and Level Annotations

Branches:
Dungeon (4/15)
 Temple: D:4-7

Altars:
Fedhas
Kikubaaqudgha
Uskayaw

Annotations:
D:3 1 runed translucent door, Crazy Yiuf
D:4 Grinder


Innate Abilities, Weirdness & Mutations

((You are quick and stealthy near water. (Stealth+, EV+, Speed+++)))
Your lower body shifts to a powerful aquatic tail in water.


Message History

Grinder is lightly wounded.
Grinder hits you.
You writhe in agony.
The giant cockroach barely misses you.
You closely miss Grinder.
Grinder is lightly wounded.
The orc wizard barely misses you.
Grinder says, "Wait up."
Grinder closely misses you.
You puncture Grinder!
Grinder is moderately wounded.
The orc hits you but does no damage.
Grinder says, "FISH!"
Grinder hits you.
You writhe in agony.
Unknown command.
Grinder hits you!
* * * LOW HITPOINT WARNING * * *
You writhe in agony.
* * * LOW HITPOINT WARNING * * *
Unknown command.
You feel better. The giant cockroach closely misses you. Grinder misses you.
The giant cockroach closely misses you.
The orc wizard points at Grinder and mumbles some strange words.
The puff of flame hits the giant cockroach!
The giant cockroach dies!
Grinder hits you!
* * * LOW HITPOINT WARNING * * *
Unknown command.
Found 4 gold pieces.
A ball python comes into view.
Found 3 potions of curing.
Grinder gestures at you. You resist with significant effort.
The ball python hisses angrily.
Found a stone staircase leading up.
Grinder gestures at you.
You suddenly lose the ability to move!
The ball python bites you but does no damage. x2
Grinder hits you.
* * * LOW HITPOINT WARNING * * *
You writhe in agony.
You die...

.......# *#...# **,** **,,
.....o## #....## *,.#** **,,,
#####o.# ##.....# *...,****,,,,
..###go###!.....# *#...,,,,,,,,,
........##......# *#.<.,,,,,,,,,,
#.......##......#*#..#*******,,,,
#######o.#......##..#* ****,
###o...$.S#..#* ** ##o..o.5@.#*
#.......## #......## #.....##
#.....# #...#.#* ######.* *.#
*,**


You could see Grinder, an orc wizard, 2 orcs and a ball python.

Vanquished Creatures
  Sigmund (D:3)
  An ogre (D:3)
  A hound (D:4)
  2 orc priests (D:3)
  A centaur skeleton (D:4)
  5 adders
  2 dart slugs
  7 orcs
  6 endoplasms
  3 giant cockroaches
  11 goblins
  9 hobgoblins
  8 jackals
  5 kobolds
  6 quokkas
  6 ball pythons
  6 bats
  4 frilled lizards
  7 rats
91 creatures vanquished.

Vanquished Creatures (others)
  A giant cockroach (D:4)
  6 withered plants (D:3)
7 creatures vanquished.

Grand Total: 98 creatures vanquished

Notes
Turn   | Place    | Note
-------+----------+-------------------------------------------
     0 | D:1      | mandarbmax the Merfolk Gladiator began the quest for the
                  | Orb.
     0 | D:1      | Reached XP level 1. HP: 16/16 MP: 1/1
   126 | D:1      | Reached XP level 2. HP: 16/22 MP: 2/2
   305 | D:1      | Reached skill level 5 in Polearms
   804 | D:1      | Found a faded altar of an unknown god.
   810 | D:1      | Reached XP level 3. HP: 27/27 MP: 3/3
   931 | D:2      | Reached skill level 5 in Dodging
  1318 | D:2      | Reached XP level 4. HP: 33/33 MP: 4/4
  1579 | D:2      | Reached skill level 6 in Polearms
  2113 | D:3      | Reached XP level 5. HP: 19/38 MP: 5/5
  2457 | D:3      | Found a hide-covered altar of Uskayaw.
  2613 | D:3      | Found a runed translucent door.
  2614 | D:3      | Noticed Crazy Yiuf
  2677 | D:3      | Reached skill level 7 in Polearms
  2745 | D:3      | Noticed Sigmund
  2768 | D:3      | Killed Sigmund
  2769 | D:3      | Reached XP level 6. HP: 39/44 MP: 6/6
  2923 | D:3      | Found a blossoming altar of Fedhas.
  2926 | D:3      | Found an ancient bone altar of Kikubaaqudgha.
  3171 | D:3      | Reached skill level 8 in Polearms
  3453 | D:4      | Reached XP level 7. HP: 45/50 MP: 7/7
  3619 | D:4      | Noticed Grinder
  3619 | D:4      | Paralysed by Grinder for 5 turns
  3645 | D:4      | Paralysed by Grinder for 7 turns
  3648 | D:4      | Slain by Grinder

Illustrated notes

Levels and vault maps discovered:
D:1:      wander_arrival_estate, layout_loops_ring,
          chequers_ecumenical_altar_simple_redux
D:2:      layout_loops_ring
D:3:      layout_basic, grunt_temple_overflow_growth_and_decay,
          eat_drink_and_be_merry_uskayaw, uniq_crazy_yiuf_cottage, uniq_sigmund
D:4:      layout_cave_pods, minmay_misc_feat_nine_boxes, uniq_grinder

Skill      XL: |  1  2  3  4  5  6 |
---------------+-------------------+-----
Polearms       | 5 6 7 8 |  8.6
Dodging        | 5 7 |  7.8
Fighting       | |  2.1
Throwing       | |  2.0

Action                   |  1- 3 |  4- 6 |  7- 9 || total
-------------------------+-------+-------+-------++-------
Melee: Trident           |   118 |   169 |    28 ||   315
  Use: Potion            |       |     4 |     2 ||     6
       Scroll            |       |       |     3 ||     3
 Stab: Sleeping          |     3 |     2 |       ||     5
       Distracted        |       |     1 |       ||     1
Armor: Leather armour    |    13 |    37 |    19 ||    69
Dodge: Dodged            |    62 |   131 |    45 ||   238

Table legend: (Time is in decaauts)
 A = Elapsed time spent in this place.
 B = Non-inter-level travel time spent in this place.
 C = Inter-level travel time spent in this place.
 D = Time resting spent in this place.
 E = Time spent auto-exploring this place.
 F = Levels seen in this place.
 G = Mean time per level.
                   A        B        C        D        E       F      G
               +--------+--------+--------+--------+--------+-----+--------+
         Total |   3605 |   3505 |    100 |    524 |   2392 |   4 |  901.2 |
       Dungeon |   3605 |   3505 |    100 |    524 |   2392 |   4 |  901.2 |
               +--------+--------+--------+--------+--------+-----+--------+

Top non-repeatable levels by time:
     D:2: 1276 daAuts
     D:3: 1166 daAuts
     D:1: 899 daAuts
     D:4: 262 daAuts
